 Dungeon Crawl Stone Soup version 0.22-a0-831-g6c6de77 (webtiles) character file.

144 BaronVonScrub the Conjurer (level 5, -9/35 HPs)
             Began as a Mummy Conjurer on July 24, 2018.
             Was an Initiate of Gozag.
             Mangled by Menkaure (21 damage)
             ... on level 4 of the Dungeon.
             The game lasted 00:08:18 (3045 turns).

BaronVonScrub the Conjurer (Mummy Conjurer)         Turns: 3045, Time: 00:08:20

Health: -9/35      AC:  2    Str: 12    XL:     5   Next: 5%
Magic:  9/9        EV: 12    Int: 15    God:    Gozag
Gold:   195        SH:  0    Dex: 12    Spells: 2/9 levels left

rFire    x . .     SeeInvis .   d - +2 dagger (venom)
rCold    + . .     Gourm    .   (no shield)
rNeg     + + +     Faith    .   a - +0 robe
rPois    ∞         Spirit   .   (no helmet)
rElec    .         Reflect  .   (no cloak)
rCorr    .         Harm     .   (no gloves)
MR       .....                  (no boots)
Stlth    ++........             c - amulet of regeneration
HPRegen  0.51/turn              (no ring)
MPRegen  0.11/turn              (no ring)

@: no status effects
A: no food or potions, fire vulnerability, cold resistance 1, negative energy
resistance 3, torment resistance, unbreathing
a: Potion Petition, Call Merchant, Bribe Branch, Renounce Religion


You were on level 4 of the Dungeon.
You worshipped Gozag.
Gozag was aware of your devotion.
You were not hungry.

You visited 1 branch of the dungeon, and saw 4 of its levels.

You collected 239 gold pieces.
You paid 44 gold pieces to Gozag.

Inventory:

Hand Weapons
 b - a +0 club
 d - a +2 dagger of venom (weapon)
 i - a cursed -1 dagger
Armour
 a - a +0 robe (worn)
Jewellery
 c - an amulet of regeneration (around neck)
Scrolls
 e - a scroll of enchant weapon {unknown}
 f - a scroll of teleportation
 g - a scroll of identify
 h - a scroll of magic mapping
 j - a scroll of remove curse


   Skills:
 - Level 1.5 Dodging
 - Level 1.5 Stealth
 - Level 2.7 Spellcasting
 * Level 5.3 Conjurations


You had 2 spell levels left.
You knew the following spells:

 Your Spells              Type           Power        Failure   Level  Hunger
a - Magic Dart            Conj           ###.         2%          1    N/A
b - Iskenderun's Mystic   Conj           ###.....     24%         4    N/A
c - Searing Ray           Conj           ###...       3%          2    N/A

Your spell library contained the following spells:

 Spells                   Type           Power        Failure   Level  Hunger
 Fulminant Prism          Conj/Hex       #.........   56%         4    N/A
 Dazzling Spray           Conj/Hex       #.....       22%         3    N/A
 Force Lance              Conj/Tloc      #.......     56%         4    N/A

Dungeon Overview and Level Annotations

Branches:
Dungeon (4/15)
 Temple: D:4-7

Altars:
Gozag
Nemelex Xobeh

Annotations:
D:4 Menkaure


Innate Abilities, Weirdness & Mutations

You do not eat or drink.
Your flesh is vulnerable to fire.
You are immune to poison.
Your flesh is cold resistant. (rC+)
You are immune to negative energy. (rN+++)
You are immune to unholy pain and torment.
You can survive without breathing.


Message History

You have reached level 5!
You feel stronger.
You now have 195 gold pieces (gained 9).
There is a stone staircase leading up here.
You start resting.
Your magical contamination has completely faded away.
You start resting.
HP restored.
You start resting.
Magic restored.
Menkaure, Prince of Dust comes into view.
Menkaure shouts!
Menkaure hits you!!
Ouch! That really hurt!
You hit Menkaure.
Menkaure is lightly damaged.
Menkaure hits you!!
Ouch! That really hurt!
You die...
Your body crumbles into a pile of gold.

....<...# #.#
######.######.##
###......%.....#
....#.#######..#
###...# #..# ##.##
#..# #.#
######..### # #.#
#...♣.♣.♣.♣.♣
#.###..♣...♣.@M♣
#.....♣.♣.♣.♣.♣.♣
######...♣...♣...♣
#♣.♣.♣.♣.♣.♣.♣
..♣...♣...♣...♣
##♣.♣.♣.♣.♣.♣.♣.♣
#...♣...♣...♣...
#♣.♣ ♣. ♣. ♣.


You could see Menkaure.

Vanquished Creatures
  An orc priest (D:3)
  A worker ant (D:4)
  3 adders
  2 dart slugs
  6 orcs
  2 giant cockroaches
  8 goblins
  8 hobgoblins
  3 jackals (D:2)
  7 kobolds
  2 ball pythons
  4 bats
  4 frilled lizards
  5 rats
56 creatures vanquished.

Notes
Turn   | Place    | Note
-------+----------+-------------------------------------------
     0 | D:1      | BaronVonScrub the Mummy Conjurer began the quest for the Orb.
     0 | D:1      | Reached XP level 1. HP: 13/13 MP: 4/4
   409 | D:1      | Reached XP level 2. HP: 19/19 MP: 2/5
   789 | D:1      | Reached skill level 4 in Conjurations
  1017 | D:2      | Reached XP level 3. HP: 24/24 MP: 0/7
  1234 | D:2      | Found a sparkling altar of Nemelex Xobeh.
  2112 | D:3      | Reached XP level 4. HP: 30/30 MP: 1/8
  2234 | D:3      | Found an opulent altar of Gozag.
  2270 | D:3      | Became a worshipper of Gozag Ym Sagoz the Greedy
  2286 | D:3      | Learned a level 4 spell: Iskenderun's Mystic Blast
  2408 | D:2      | Learned a level 2 spell: Searing Ray
  2576 | D:3      | Reached skill level 5 in Conjurations
  2958 | D:4      | Reached XP level 5. HP: 26/35 MP: 1/9
  3043 | D:4      | Noticed Menkaure
  3045 | D:4      | Mangled by Menkaure

Vault maps used:
D:1:      minmay_arrival_solitary_statue, minmay_pentomino_s2
D:2:      lemuel_crystal_altar, minmay_box_of_dots
D:3:      nicolae_gozag_seed_capital
D:4:      marbit_many_paths, minmay_misc_feat_roman, amethyst_killhole,
          kennysheep_crisscross, uniq_robin, uniq_menkaure, uniq_edmund

Skill      XL: |  1  2  3  4 |
---------------+-------------+-----
Conjurations   | 4 5 |  5.3
Dodging        | |  1.5
Stealth        | |  1.5
Spellcasting   | |  2.7

Action                   |  1- 3 |  4- 6 || total
-------------------------+-------+-------++-------
Melee: Club              |     2 |       ||     2
       Dagger            |    16 |     6 ||    22
 Cast: Magic Dart        |    85 |    32 ||   117
       Searing Ray       |       |     4 ||     4
  Use: Scroll            |     6 |     1 ||     7
Armor: Robe              |     3 |     1 ||     4
Dodge: Dodged            |    13 |    13 ||    26

Table legend:
 A = Spawn XP
 B = Non-spawn XP
 C = Spawn XP percentage of total XP
 D = Spawn monster count
 E = Non-spawn monster count
 F = Spawn count percentage of total count
 G = Total turns spent on level
                    A         B        C        D         E        F      G
               +---------+---------+-------+---------+---------+-------+---------
         Total |       0 |     207 |   0.0 |       0 |      56 |   0.0 |  3045
               +---------+---------+-------+---------+---------+-------+---------
           D:1 |       0 |      33 |   0.0 |       0 |      19 |   0.0 |  1011
           D:2 |       0 |      68 |   0.0 |       0 |      25 |   0.0 |  1296
           D:3 |       0 |      72 |   0.0 |       0 |      11 |   0.0 |   643
           D:4 |       0 |      34 |   0.0 |       0 |       1 |   0.0 |    95
               +---------+---------+-------+---------+---------+-------+---------
